 Dungeon Crawl Stone Soup version 0.27-a0-1365-ge71e8f7681 (webtiles) character file.

Game seed: 7639832610340448424

40 Nattfarinn the Stinger (level 3, -2/19 HPs)
             Began as a Deep Elf Venom Mage on June 28, 2021.
             Slain by a gnoll (10 damage)
             ... on level 2 of the Dungeon.
             The game lasted 00:01:55 (2031 turns).

Nattfarinn the Stinger (Deep Elf Venom Mage)        Turns: 2031, Time: 00:01:55

Health: -2/19      AC:  2    Str:  5    XL:     3   Next: 30%
Magic:  3/10       EV: 12    Int: 20    God:
Gold:   48         SH:  0    Dex: 15    Spells: 6/9 levels left

rFire    . . .     SeeInvis .   (no weapon)
rCold    . . .     Faith    .   (no shield)
rNeg     . . .     Spirit   .   a - +0 robe
rPois    .         Reflect  .   (no helmet)
rElec    .         Harm     .   (no cloak)
rCorr    .         Rampage  .   (no gloves)
Will     .....                  (no boots)
Stlth    ++........             (no amulet)
HPRegen  0.06/turn              (no ring)
MPRegen  0.12/turn              (no ring)

@: no status effects
A: no striking features
a: no special abilities


You were on level 2 of the Dungeon.
You visited 1 branch of the dungeon, and saw 2 of its levels.

You collected 48 gold pieces.

Inventory:

Armour
 a - a +0 robe (worn)
Jewellery
 g - a ring of see invisible
Scrolls
 c - 2 scrolls of identify {unknown}
 d - a scroll of silence {unknown}
 h - a scroll of teleportation {unknown}
 i - a scroll of summoning {unknown}
 k - a scroll of enchant weapon {unknown}
 l - a scroll of holy word {unknown}
Potions
 b - a potion of invisibility {unknown}
 e - 2 potions of flight {unknown}
 f - a potion of magic {unknown}
 j - a potion of curing {unknown}


   Skills:
 - Level 2.4 Dodging
 - Level 2.4 Stealth
 + Level 3.6 Spellcasting
 + Level 1.9 Transmutations
 * Level 4.2 Poison Magic


You had 6 spell levels left.
You knew the following spells:

 Your Spells              Type           Power      Damage    Failure   Level
a - Sting                 Tmut/Pois      64%        1d6       3%          1
b - Poisonous Vapours     Pois/Air       24%        N/A       9%          2

Your spell library contained the following spells:

 Spells                   Type           Power      Damage    Failure   Level
 Animate Skeleton         Necr           6%         N/A       14%         1
 Apportation              Tloc           6%         N/A       14%         1
 Corona                   Hex            3%         N/A       14%         1
 Magic Dart               Conj           12%        1d3       14%         1
 Summon Small Mammal      Summ           12%        N/A       14%         1
 Ignite Poison            Fire/Tmut/Pois 11%        N/A       17%         3
 Blink                    Tloc           N/A        N/A       21%         2
 Call Imp                 Summ           3%         N/A       21%         2
 Slow                     Hex            3%         N/A       21%         2
 Mephitic Cloud           Conj/Pois/Air  9%         N/A       22%         3
 Olgreb's Toxic Radiance  Pois           20%        N/A       24%         4
 Conjure Flame            Conj/Fire      3%         6-21      38%         3


Dungeon Overview and Level Annotations

Branches:
Dungeon (2/15)

Altars:


Message History

You now have 48 gold pieces (gained 7). 2 gnolls come into view.
The gnoll shouts! x2
The gnoll moves out of view.
A gnoll comes into view. It is wielding a +0 spear.
You see here 22 stones.
You can't see any susceptible monsters within range! (Use Z to cast anyway.)
You can't see any susceptible monsters within range! (Use Z to cast anyway.)
You can't see any susceptible monsters within range! (Use Z to cast anyway.) Unknown command.
Casting: Sting (safe; 3% risk of failure)
Confirm with . or Enter, or press ? or * to list all spells.
Aiming: Poisonous Vapours (safe; 9% risk of failure)
Press: ? - help, Dir - move target, f - gnoll
Aim: a gnoll, wielding a +0 halberd Poisonous vapours surround the gnoll!
The gnoll is poisoned.
The gnoll shouts!
You hear an angry hiss.
Casting: Poisonous Vapours (safe; 9% risk of failure)
Confirm with . or Enter, or press ? or * to list all spells.
Aiming: Poisonous Vapours (safe; 9% risk of failure)
Press: ? - help, Dir - move target, f/p - gnoll
Aim: a gnoll, wielding a +0 halberd (poisoned) Poisonous vapours surround the gnoll!
The gnoll looks even sicker.
Casting: Poisonous Vapours (safe; 9% risk of failure)
Confirm with . or Enter, or press ? or * to list all spells.
Aiming: Poisonous Vapours (safe; 9% risk of failure)
Press: ? - help, Dir - move target, f/p - gnoll
Aim: a gnoll, wielding a +0 halberd (very poisoned) Poisonous vapours surround the gnoll!
The gnoll looks even sicker.
The gnoll hits you from afar with a +0 halberd!
Ouch! That really hurt!
Casting: Poisonous Vapours (safe; 9% risk of failure)
Confirm with . or Enter, or press ? or * to list all spells.
Aiming: Poisonous Vapours (safe; 9% risk of failure)
Press: ? - help, Dir - move target, f/p - gnoll
Aim: a gnoll, wielding a +0 halberd (moderately wounded, very poisoned) Poisonous vapours surround the gnoll!
The gnoll looks even sicker.
The gnoll hits you from afar with a +0 halberd!
Ouch! That really hurt!
You die...

#.#. #.#............#
#.# #.#............#
#.#####....##### #.#
#....# ####.# #.)..#
..#.# #....#
..########.#.# #.)..#
.....gg....#'#####....#
#(.g.@....##....#
+.........###'########
#.........# #.........
#.........# #.........
#.........# #.........
#.........# #.........
########### #.........
#......... #....)....


You could see 3 gnolls.

Vanquished Creatures
  2 dart slugs
  4 bats
  An endoplasm (D:1)
  A giant cockroach (D:1)
  5 goblins
  4 hobgoblins
  3 kobolds (D:2)
  4 quokkas
  5 ball pythons
  A frilled lizard (D:1)
  A rat (D:2)
31 creatures vanquished.

Notes
Turn   | Place    | Note
-------+----------+-------------------------------------------
     0 | D:1      | Nattfarinn the Deep Elf Venom Mage began the quest for the
                  | Orb.
     0 | D:1      | Reached XP level 1. HP: 10/10 MP: 6/6
   237 | D:1      | Reached XP level 2. HP: 13/15 MP: 5/8
   637 | D:1      | Found a faded altar of an unknown god.
  1056 | D:2      | Reached skill level 4 in Poison Magic
  1243 | D:2      | Reached XP level 3. HP: 19/19 MP: 7/10
  1556 | D:2      | Learned a level 2 spell: Poisonous Vapours
  2031 | D:2      | Slain by a gnoll

Illustrated notes

Levels and vault maps discovered:
D:1:      tarquinn_simple_flora_water_e, layout_loops_ring,
          shapermc_ecumenical_altar_starsandcircs
D:2:      layout_basic

Skill      XL: |  1  2 |
---------------+-------+-----
Poison Magic   | 4 |  4.2
Dodging        | |  2.4
Stealth        | |  2.4
Spellcasting   | |  3.6
Transmutations | |  1.9

Action                   || total
-------------------------++-------
 Cast: Sting             ||    62
       Poisonous Vapours ||     4
Armor: Robe              ||     4
Dodge: Dodged            ||    18

Table legend: (Time is in decaauts)
 A = Elapsed time spent in this place.
 B = Non-inter-level travel time spent in this place.
 C = Inter-level travel time spent in this place.
 D = Time resting spent in this place.
 E = Time spent auto-exploring this place.
 F = Levels seen in this place.
 G = Mean time per level.
                   A        B        C        D        E       F      G
               +--------+--------+--------+--------+--------+-----+--------+
         Total |   2030 |   2004 |     26 |     28 |   1789 |   2 | 1015.0 |
       Dungeon |   2030 |   2004 |     26 |     28 |   1789 |   2 | 1015.0 |
               +--------+--------+--------+--------+--------+-----+--------+

Top non-repeatable levels by time:
     D:2: 1057 daAuts
     D:1: 973 daAuts
